 Dungeon Crawl Stone Soup version 0.21.1 (webtiles) character file.

1160 tidbits the Charmwright (level 8, -1/69 HPs)
             Began as a Gnoll Skald on Feb 2, 2018.
             Was an Initiate of Cheibriados.
             Slain by 1player's ghost (8 damage)
             ... on level 8 of the Dungeon.
             The game lasted 00:12:58 (1203 turns).

tidbits the Charmwright (Gnoll Skald)               Turns: 1203, Time: 00:12:58

Health: -1/69      AC:  6    Str: 21 (24) XL:     8   Next: 39%
Magic:  11/17      EV: 12    Int: 19 (20) God:    Cheibriados [......]
Gold:   222        SH:  0    Dex: 12 (15) Spells: 8/19 levels left

rFire    . . .     SeeInvis .   a - +0 war axe
rCold    . . .     Gourm    .   (no shield)
rNeg     . . .     Faith    .   B - +0 ring mail
rPois    .         Spirit   .   E - +0 helmet
rElec    .         Reflect  .   (no cloak)
rCorr    .         Harm     .   (no gloves)
MR       .....                  (no boots)
Stlth    +.........             (no amulet)
HPRegen  0.21/turn              y - +5 ring of strength
MPRegen  0.15/turn              (no ring)

@: mighty, heavily drained, very slow
A: distributed training, fangs 1, talons 1, robust 1, strong nose
a: Bend Time, Renounce Religion


You were on level 8 of the Dungeon.
You worshipped Cheibriados.
Cheibriados was noncommittal.
You were not hungry.

You visited 1 branch of the dungeon, and saw 8 of its levels.

You collected 320 gold pieces.
You spent 98 gold pieces at shops.

Inventory:

Hand Weapons
 a - a +0 war axe (weapon)
 g - a +0 hand axe
 h - a +0 hunting sling
 j - a +2 scythe of slicing
   (You took it off Sigmund on level 4 of the Dungeon)
 m - a +0 dagger of venom
   (You took it off a goblin on level 3 of the Dungeon)
 n - the +4 dagger of the Eight Scars {freeze, *Slow rElec rN+}
   (You found it on level 4 of the Dungeon)

   It has been specially enchanted to freeze those struck by it, causing extra
   injury to most foes and up to half again as much damage against particularly
   susceptible opponents.
   It can also slow down cold-blooded creatures.
   It insulates you from electricity.
   It protects you from negative energy.
   It may slow you when you take damage.
 q - a +0 hunting sling of flaming
   (You found it on level 5 of the Dungeon)
Missiles
 f - 38 stones (quivered)
Armour
 b - a +0 leather armour
 B - a +0 ring mail (worn)
 E - a +0 helmet (worn)
Jewellery
 y - a +5 ring of strength (left hand)
   (You found it on level 6 of the Dungeon)
Wands
 u - a wand of iceblast (8)
Scrolls
 i - a scroll of remove curse
 o - 3 scrolls of immolation
 s - a scroll of teleportation
 w - a scroll of blinking {unknown}
Potions
 e - 2 potions of might
 k - a potion of ambrosia
 p - a potion of degeneration
 r - a potion of berserk rage
 t - 2 potions of curing
 v - a potion of flight
 x - a potion of haste
Books
 c - a book of Battle

   Spells                             Type                      Level
   a - Infusion                       Charms                       1
   b - Shroud of Golubria             Charms/Translocation         2
   c - Song of Slaying                Charms                       2
   d - Spectral Weapon                Hexes/Charms                 3
   e - Regeneration                   Charms/Necromancy            3
Comestibles
 d - 5 rations


   Skills:
 + Level 5.6(3.4) Fighting
 + Level 3.1(1.1) Short Blades
 + Level 3.1(1.1) Long Blades
 + Level 5.6(3.4) Axes
 + Level 3.1(1.1) Maces & Flails
 + Level 3.1(1.1) Polearms
 + Level 3.1(1.1) Staves
 + Level 3.1(1.1) Slings
 + Level 3.1(1.1) Bows
 + Level 3.1(1.1) Crossbows
 + Level 3.1(1.1) Throwing
 + Level 4.1(2.0) Armour
 + Level 5.6(3.4) Dodging
 + Level 3.1(1.1) Stealth
 + Level 3.1(1.1) Shields
 + Level 3.1(1.1) Unarmed Combat
 + Level 6.0(3.8) Spellcasting
 + Level 2.5(0.6) Conjurations
 + Level 2.5(0.6) Hexes
 + Level 6.1(3.9) Charms
 + Level 2.5(0.6) Summonings
 + Level 2.5(0.6) Necromancy
 + Level 2.5(0.6) Translocations
 + Level 2.5(0.6) Transmutations
 + Level 2.5(0.6) Fire Magic
 + Level 2.5(0.6) Ice Magic
 + Level 2.5(0.6) Air Magic
 + Level 2.5(0.6) Earth Magic
 + Level 2.5(0.6) Poison Magic
 + Level 3.5(1.4) Invocations
 + Level 3.1(1.1) Evocations


You had 8 spell levels left.
You knew the following spells:

 Your Spells              Type           Power        Failure   Level  Hunger
g - Shroud of Golubria    Chrm/Tloc      ##........   14%         2    ##.....
i - Infusion              Chrm           ###.         4%          1    None
r - Regeneration          Chrm/Necr      ##........   26%         3    ###....
w - Spectral Weapon       Hex/Chrm       ##......     26%         3    ###....
y - Song of Slaying       Chrm           ###.....     7%          2    ##.....


Dungeon Overview and Level Annotations

Branches:
Dungeon (8/15)
 Temple: D:4-7         Lair: D:8-11

Altars:
Ashenzari
Cheibriados
Gozag
Okawaru
Sif Muna

Shops:
D:4 ((

Portals:
Bailey: D:8

Annotations:
D:8 1player's ghost, novice GrFi


Innate Abilities, Weirdness & Mutations

Your experience applies equally to all skills.
You have very sharp teeth.
Your uncanny sense of smell can sniff out nearby items.
You have sharp toenails.
You are robust. (+10% HP)


Message History

Cheibriados thoroughly appreciates the change of pace.
Found 2 pink potions.
You see here a moonstone ring.
y - a moonstone ring Put on which piece of jewellery? (? for menu, Esc to quit)
You feel stronger.
y - a +5 ring of strength (left hand)
You see here 2 pink potions.
e - 3 pink potions (gained 2)
Your spectral weapon fades away.
There is a stone staircase leading down, spattered with blood here.
Found a ring mail.
There is a stone staircase leading down, spattered with blood here.
You climb downwards.
There is a stone staircase leading up here.
Unknown command.
Casting: Spectral Weapon
Confirm with . or Enter, or press ? or * to list all spells.
Your skin crawls.
Your skin is crawling a little less now.
Your skin stops crawling.
You see here a potion of curing.
t - 2 potions of curing (gained 1)
You see here 20 gold pieces.
You now have 222 gold pieces (gained 20).
There is a stone staircase leading down here.
You climb downwards.
You hear the roar of battle.
There is an entrance to a bailey on this level.
Hurry and find it before the portal closes forever!
You hear the faint creaking of a portcullis nearby.
There is a stone staircase leading up here.
You see here a ring mail.
There is a stone staircase leading up here.
Found two halberds. 1player's ghost (novice Gargoyle Fighter) comes into view.
It is wielding a weapon of draining. 1player's ghost turns its malevolent gaze towards you. 1player's ghost moves out of view.
Press: ? - help, v - describe, . - travel
Here: 1player's ghost, wielding a weapon of draining The floor.
Unknown command.
Casting: Regeneration
Confirm with . or Enter, or press ? or * to list all spells.
Space distorts slightly along a thin shroud covering your body.
Your shroud bends 1player's ghost's attack away.
The flow of time bends around you.
Cheibriados rebukes 1player's ghost. 1player's ghost seems to slow down.
You feel slightly more hungry.
Casting: Shroud of Golubria
Confirm with . or Enter, or press ? or * to list all spells.
You draw out your weapon's spirit!
Your shroud bends 1player's ghost's attack away!
You hit 1player's ghost but do no damage.
Your bite misses 1player's ghost. 1player's ghost hits you but does no damage.
You feel drained. 1player's ghost hits you!
Your shroud falls apart!
You feel drained.
You hit 1player's ghost but do no damage.
Your spectral weapon hits 1player's ghost but does no damage. 1player's ghost shrieks, "They lied to you.
The Dungeon just goes down and down forever." 1player's ghost hits your spectral weapon.
You barely miss 1player's ghost.
Your spectral weapon hits 1player's ghost but does no damage. 1player's ghost hits you!!
* * * LOW HITPOINT WARNING * * *
You feel drained.
* * * LOW HITPOINT WARNING * * *
It was a potion of might.
You feel very mighty all of a sudden.
You hit 1player's ghost. 1player's ghost is lightly damaged.
Your spectral weapon barely misses 1player's ghost. 1player's ghost hits you but does no damage.
You feel drained.
You closely miss 1player's ghost.
Your bite misses 1player's ghost. 1player's ghost is lightly damaged.
Your spectral weapon closely misses 1player's ghost. 1player's ghost hits you.
* * * LOW HITPOINT WARNING * * *
You feel drained.
* * * LOW HITPOINT WARNING * * *
It was a potion of degeneration.
There was something very wrong with that liquid.
You feel weakened.
You feel dopey.
You feel clumsy. 1player's ghost is no longer moving slowly. 1player's ghost hits you but does no damage.
You feel drained.
You slash 1player's ghost! 1player's ghost is lightly damaged.
Your spectral weapon hits 1player's ghost! 1player's ghost hits you!
* * * LOW HITPOINT WARNING * * *
You feel drained.
* * * LOW HITPOINT WARNING * * *
It was a potion of mutation.
You feel extremely strange.
You feel robust.
Your toenails lengthen and sharpen. 1player's ghost hits you!
You die...

#. .## ..#####
#.....#
#..)..#####
###.)∩)......
###..%.)......#
......W@..#
....#.#(### #
#.#.# #.#####.#.#
#.....†[..#
#######.### . #<#
...
#.##########.....
#..[<............


You could see 1player's ghost and a friendly spectral war axe.

Vanquished Creatures
  Sigmund (D:4)
  A steam dragon (D:8)
  A hungry ghost (D:5)
  An ogre (D:6)
  A centaur (D:7)
  The ghost of p0werm0de the Grave Robber, an amateur OpNe (D:4)
  2 scorpions
  A howler monkey (D:4)
  A hound (D:4)
  A jelly (D:5)
  2 orc priests
  A bullfrog skeleton (D:4)
  4 worker ants
  A hound zombie (D:6)
  Robin (D:3)
  6 adders
  An adder skeleton (D:6)
  2 worms
  2 leopard geckos
  7 orcs
  3 bats (D:3)
  2 giant cockroaches (D:3)
  10 goblins (D:3)
  4 hobgoblins
  3 frilled lizards
  A jackal zombie (D:5)
  2 kobolds
  2 rats (D:3)
  2 fungi (D:3)
67 creatures vanquished.

Notes
Turn   | Place    | Note
-------+----------+-------------------------------------------
     0 | D:1      | tidbits the Gnoll Skald began the quest for the Orb.
     0 | D:1      | Reached XP level 1. HP: 20/20 MP: 6/6
    12 | D:2      | Reached XP level 2. HP: 23/26 MP: 3/7
    16 | D:2      | Found an iron altar of Okawaru.
    51 | D:3      | Learned a level 2 spell: Song of Slaying
    54 | D:3      | Learned a level 2 spell: Shroud of Golubria
   123 | D:3      | Reached skill level 5 in Spellcasting
   123 | D:3      | Reached skill level 1 in Invocations
   123 | D:3      | Reached XP level 3. HP: 20/31 MP: 2/9
   125 | D:3      | Reached skill level 1 in Short Blades
   125 | D:3      | Reached skill level 1 in Long Blades
   125 | D:3      | Reached skill level 1 in Maces & Flails
   125 | D:3      | Reached skill level 1 in Polearms
   125 | D:3      | Reached skill level 1 in Staves
   125 | D:3      | Reached skill level 1 in Slings
   125 | D:3      | Reached skill level 1 in Bows
   125 | D:3      | Reached skill level 1 in Crossbows
   125 | D:3      | Reached skill level 1 in Throwing
   125 | D:3      | Reached skill level 1 in Stealth
   125 | D:3      | Reached skill level 1 in Shields
   125 | D:3      | Reached skill level 1 in Unarmed Combat
   125 | D:3      | Reached skill level 1 in Evocations
   136 | D:3      | Learned a level 3 spell: Regeneration
   140 | D:3      | Learned a level 3 spell: Spectral Weapon
   141 | D:3      | Reached XP level 4. HP: 18/38 MP: 0/11
   363 | D:3      | Noticed Robin
   369 | D:3      | Killed Robin
   369 | D:3      | Reached skill level 1 in Conjurations
   369 | D:3      | Reached skill level 1 in Hexes
   369 | D:3      | Reached skill level 1 in Summonings
   369 | D:3      | Reached skill level 1 in Necromancy
   369 | D:3      | Reached skill level 1 in Translocations
   369 | D:3      | Reached skill level 1 in Transmutations
   369 | D:3      | Reached skill level 1 in Fire Magic
   369 | D:3      | Reached skill level 1 in Ice Magic
   369 | D:3      | Reached skill level 1 in Air Magic
   369 | D:3      | Reached skill level 1 in Earth Magic
   369 | D:3      | Reached skill level 1 in Poison Magic
   440 | D:4      | Found Ajysues's Weapon Emporium.
   453 | D:4      | Reached XP level 5. HP: 27/43 MP: 12/12
   456 | D:4      | Reached skill level 3 in Armour
   475 | D:4      | Reached XP level 6. HP: 6/50 MP: 11/13
   482 | D:4      | Found Ciraif's Antique Weapon Shop.
   494 | D:4      | Bought a war axe for 98 gold pieces
   525 | D:4      | Noticed p0werm0de's ghost (amateur OpNe)
   531 | D:4      | Reached skill level 2 in Invocations
   537 | D:4      | Noticed Sigmund
   540 | D:4      | Killed p0werm0de's ghost
   547 | D:4      | Killed Sigmund
   547 | D:4      | Reached skill level 5 in Fighting
   547 | D:4      | Reached skill level 2 in Short Blades
   547 | D:4      | Reached skill level 2 in Long Blades
   547 | D:4      | Reached skill level 5 in Axes
   547 | D:4      | Reached skill level 2 in Maces & Flails
   547 | D:4      | Reached skill level 2 in Polearms
   547 | D:4      | Reached skill level 2 in Staves
   547 | D:4      | Reached skill level 2 in Slings
   547 | D:4      | Reached skill level 2 in Bows
   547 | D:4      | Reached skill level 2 in Crossbows
   547 | D:4      | Reached skill level 2 in Throwing
   547 | D:4      | Reached skill level 5 in Dodging
   547 | D:4      | Reached skill level 2 in Stealth
   547 | D:4      | Reached skill level 2 in Shields
   547 | D:4      | Reached skill level 2 in Unarmed Combat
   547 | D:4      | Reached skill level 2 in Evocations
   547 | D:4      | Reached XP level 7. HP: 46/56 MP: 3/15
   585 | D:4      | Got a faintly glowing dagger
   589 | D:4      | Identified the +4 dagger of the Eight Scars {freeze, *Slow rElec rN+} (You found it on level 4 of the Dungeon)
   664 | D:4      | Found a snail-covered altar of Cheibriados.
   670 | D:4      | Became a worshipper of Cheibriados the Contemplative
   742 | D:5      | Entered Level 5 of the Dungeon
   757 | D:5      | Reached skill level 2 in Conjurations
   757 | D:5      | Reached skill level 2 in Hexes
   757 | D:5      | Reached skill level 2 in Summonings
   757 | D:5      | Reached skill level 2 in Necromancy
   757 | D:5      | Reached skill level 2 in Translocations
   757 | D:5      | Reached skill level 2 in Transmutations
   757 | D:5      | Reached skill level 2 in Fire Magic
   757 | D:5      | Reached skill level 2 in Ice Magic
   757 | D:5      | Reached skill level 2 in Air Magic
   757 | D:5      | Reached skill level 2 in Earth Magic
   757 | D:5      | Reached skill level 2 in Poison Magic
   760 | D:5      | Noticed a hungry ghost
   767 | D:5      | Killed a hungry ghost
   812 | D:4      | Found an opulent altar of Gozag.
   888 | D:6      | Reached skill level 3 in Invocations
   907 | D:6      | Reached XP level 8. HP: 15/63 MP: 10/16
   911 | D:6      | Reached skill level 6 in Charms
  1048 | D:7      | Found a shattered altar of Ashenzari.
  1060 | D:8      | Reached skill level 3 in Short Blades
  1060 | D:8      | Reached skill level 3 in Long Blades
  1060 | D:8      | Reached skill level 3 in Maces & Flails
  1060 | D:8      | Reached skill level 3 in Polearms
  1060 | D:8      | Reached skill level 3 in Staves
  1060 | D:8      | Reached skill level 3 in Slings
  1060 | D:8      | Reached skill level 3 in Bows
  1060 | D:8      | Reached skill level 3 in Crossbows
  1060 | D:8      | Reached skill level 3 in Throwing
  1060 | D:8      | Reached skill level 4 in Armour
  1060 | D:8      | Reached skill level 3 in Stealth
  1060 | D:8      | Reached skill level 3 in Shields
  1060 | D:8      | Reached skill level 3 in Unarmed Combat
  1060 | D:8      | Reached skill level 3 in Evocations
  1061 | D:8      | Found a flagged portal.
  1088 | D:7      | Found a deep blue altar of Sif Muna.
  1106 | D:7      | Reached skill level 6 in Spellcasting
  1190 | D:8      | Noticed 1player's ghost (novice GrFi)
  1202 | D:8      | HP: 6/63 [1player's ghost (3)]
  1203 | D:8      | Gained mutation: You are robust. (+10% HP) [potion of mutation]
  1203 | D:8      | Gained mutation: You have sharp toenails. [potion of mutation]
  1203 | D:8      | Slain by 1player's ghost

Skill      XL: |  1  2  3  4  5  6  7  8 |
---------------+-------------------------+-----
Spellcasting   | 5 6 |  6.0
Invocations    | 1 2 3 |  3.5
Short Blades   | 1 2 3 |  3.1
Long Blades    | 1 2 3 |  3.1
Maces & Flails | 1 2 3 |  3.1
Polearms       | 1 2 3 |  3.1
Staves         | 1 2 3 |  3.1
Slings         | 1 2 3 |  3.1
Bows           | 1 2 3 |  3.1
Crossbows      | 1 2 3 |  3.1
Throwing       | 1 2 3 |  3.1
Stealth        | 1 2 3 |  3.1
Shields        | 1 2 3 |  3.1
Unarmed Combat | 1 2 3 |  3.1
Evocations     | 1 2 3 |  3.1
Conjurations   | 1 2 |  2.5
Hexes          | 1 2 |  2.5
Summonings     | 1 2 |  2.5
Necromancy     | 1 2 |  2.5
Translocations | 1 2 |  2.5
Transmutations | 1 2 |  2.5
Fire Magic     | 1 2 |  2.5
Ice Magic      | 1 2 |  2.5
Air Magic      | 1 2 |  2.5
Earth Magic    | 1 2 |  2.5
Poison Magic   | 1 2 |  2.5
Armour         | 3 4 |  4.1
Fighting       | 5 |  5.6
Axes           | 5 |  5.6
Dodging        | 5 |  5.6
Charms         | 6 |  6.1

Action                   |  1- 3 |  4- 6 |  7- 9 || total
-------------------------+-------+-------+-------++-------
Melee: Hand axe          |    34 |    76 |       ||   110
       Bite              |     5 |     4 |     4 ||    13
       War axe           |       |     6 |    67 ||    73
 Fire: Hunting sling     |       |     6 |       ||     6
Throw: Stone             |       |       |     1 ||     1
 Cast: Infusion          |     3 |       |       ||     3
       Spectral Weapon   |       |     8 |    12 ||    20
       Regeneration      |       |     4 |     7 ||    11
       Shroud of Golubri |       |     2 |     3 ||     5
Invok: Bend Time         |       |       |     1 ||     1
  Use: Potion            |     2 |     2 |     3 ||     7
       Scroll            |       |     1 |     5 ||     6
 Stab: Distracted        |       |       |     1 ||     1
       Sleeping          |       |       |     1 ||     1
  Eat: Ration            |       |       |     1 ||     1
Armor: Leather armour    |     2 |    15 |       ||    17
       Skin              |       |    10 |       ||    10
       Ring mail         |       |     1 |    23 ||    24
Dodge: Dodged            |    15 |    86 |    32 ||   133

Table legend:
 A = Turns spent in this place as a percentage of turns spent in the entire game.
 B = Non-inter-level travel turns spent in this place as a percentage of non-inter-level travel turns spent in the entire game.
 C = Inter-level travel turns spent in this place as a percentage of turns spent in this place.
 D = Turns resting spent in this place as a percentage of non-inter-level travel turns spent in this place.
 E = Turns spent auto-exploring this place as a percentage of non-inter-level travel turns spent in this place.
 F = Non-inter-level travel turns spent in this place divided by the number of levels of this place that you've seen.
                   A       B       C       D       E      F
               +-------+-------+-------+-------+-------+----------------------
         Total | 100.0 | 100.0 |   0.0 |   0.0 |   0.0 | 150.4
       Dungeon | 100.0 | 100.0 |   0.0 |   0.0 |   0.0 | 150.4
               +-------+-------+-------+-------+-------+----------------------

Table legend:
 A = Kills in this place as a percentage of kills in entire the game.
 B = Kills by you in this place as a percentage of kills by you in the entire game.
 C = Kills by friends in this place as a percentage of kills by friends in the entire game.
 D = Other kills in this place as a percentage of other kills in the entire game.
 E = Experience gained in this place as a percentage of experience gained in the entire game.
 F = Experience gained in this place divided by the number of levels of this place that you have seen.
                   A       B       C       D       E      F
               +-------+-------+-------+-------+-------+----------------------
         Total | 100.0 | 100.0 |   N/A |   N/A | 100.0 | 207.2
       Dungeon | 100.0 | 100.0 |   N/A |   N/A | 100.0 | 207.2
               +-------+-------+-------+-------+-------+----------------------

Vault maps used:
D:1:      dpeg_arrival_simpleton_b, cheibriados_altar_1
D:2:      lemuel_crystal_altar, okawaru_trees_1, first_ration, fedhas_altar_2
D:3:      hangedman_ru_absence, minmay_gold_behind_fungi, uniq_robin
D:4:      lemuel_round_altar, serial_shops, nicolae_shop_window_shopping, shop,
          shop, nicolae_gozag_cash_rules_everything_around_me, uniq_sigmund
D:6:      overflow_temple_1_default, dk_rats_in_the_wall
D:7:      lemuel_crystal_altar, minmay_temple_entry_trees, basic_altar
D:8:      kiku_gazebo_pond_becter, enter_bailey_2, the_bakery, uniq_erica
